Kings vs RedWings

Created - Thursday, November 26, 2015 at 00:41

Goals
1 2 3 OT1 T
Kings 2 1 0 1 4
RedWings 0 2 1 0 3
Shots
1 2 3 OT1 T
Kings 17 10 6 2 35
RedWings 9 7 7 0 23

1st period

1. Kings , Seth Jones 3 (Mika Zibanejad) at 3:44 (PP)
2. Kings , Mika Zibanejad 4 (Tyler Seguin, Seth Jones) at 16:03 (PP)

Penalties :
Alexei Emelin (Det) for Roughing (Minor) at 2:10, Steve Downie (Det) for Fighting (Major) at 3:45, Milan Lucic (LA ) for Fighting (Major) at 3:45, Eric Gryba (Det) for Tripping (Minor) at 10:33, Steve Downie (Det) for Tripping (Minor) at 14:53, Chris VandeVelde (Det) for Hooking (Minor) at 18:18

2nd period

3. RedWings , Martin Erat 3 (Patrick Sharp, Mark Letestu) at 10:06 (PP)
4. RedWings , Mark Letestu 5 (Martin Erat, Patrick Sharp) at 11:22
5. Kings , Mika Zibanejad 5 (Tyler Seguin) at 18:27

Penalties :
Martin Erat (Det) for Roughing (Minor) at 5:45, David Clarkson (LA ) for Tripping (Minor) at 8:28, Shane Doan (Det) for Goalie Interference (Minor) at 11:56, Duncan Keith (LA ) for Cross-checking (Minor) at 19:55

3rd period

6. RedWings , Patrick Sharp 7 (Mark Letestu) at 15:27

Penalties :
Milan Lucic (LA ) for Tripping (Minor) at 5:29, Patrick Sharp (Det) for Roughing (Minor) at 9:19, Ryan White (Det) for Tripping (Minor) at 12:14, Braydon Coburn (LA ) for Diving (Minor) at 16:08

Overtime #1

7. Kings , Milan Lucic 7 (Mika Zibanejad, Eric Brewer) at 3:36

Penalties :
No Penalty

Goalie Stats

Sergei Bobrovsky (LA ), 20 saves from 23 shots - (0.870), W, 12-5-1, 63:36 minutes
Jonas Hiller (Det), 31 saves from 35 shots - (0.886), OTL, 8-9-1, 63:36 minutes

Players Stats for Kings

Player Name              G  A  P  +/- PIM S  H  SB GA TA FO     MP     PP MP  PK MP  
------------------------------------------------------------------------------------
Adam McQuaid             0  0  0   0  0   0  2  0  0  2  0/0    11:17   0:00   0:00 
Braydon Coburn           0  0  0   0  2   3  1  1  0  1  0/0    28:27   8:41   3:42 
Brenden Morrow           0  0  0  -1  0   0  3  1  0  0  0/3     8:38   0:27   1:37 
Cam Fowler               0  0  0   0  0   0  0  0  0  0  0/0     0:00   0:00   0:00 
Carl Soderberg           0  0  0   1  0   1  2  1  0  0  0/1    17:09   7:41   0:00 
David Clarkson           0  0  0   0  2   1  5  0  1  0  0/0    20:06   6:30   1:02 
Duncan Keith             0  0  0   0  2   5  1  1  0  0  0/0    28:59   8:41   3:02 
Eric Brewer              0  1  1   0  0   5  1  2  1  2  0/0    22:16   5:57   2:38 
Evgeny Kuznetsov         0  0  0   0  0   0  1  0  1  0  1/2    14:38   1:31   0:00 
Jori Lehtera             0  0  0   0  0   3  0  1  2  1  7/10   10:51   0:00   0:00 
Mika Zibanejad           2  2  4   2  0   3  4  0  4  1  1/1    19:32   7:41   1:06 
Mikhail Grigorenko       0  0  0  -1  0   0  0  0  0  0  0/0     5:34   0:00   0:00 
Milan Lucic              1  0  1   0  7   3  1  0  4  0  0/0    18:23   6:57   1:01 
Nick Bjugstad            0  0  0  -1  0   5  3  2  3  1  10/22  24:07   6:30   4:11 
Seth Jones               1  1  2   0  0   4  1  2  1  1  0/0    22:16   5:57   2:38 
Stefan Elliott           0  0  0   0  0   0  0  1  0  1  0/0    14:33   0:00   3:10 
Tyler Seguin             0  2  2   0  0   1  0  0  3  0  14/18  28:39   6:37   4:53 
Vincent Trocheck         0  0  0  -1  0   1  1  0  1  0  2/4    11:19   0:00   1:20 

Players Stats for RedWings

Player Name              G  A  P  +/- PIM S  H  SB GA TA FO     MP     PP MP  PK MP  
------------------------------------------------------------------------------------
Aaron Ekblad             0  0  0   0  0   2  0  1  1  0  0/0    15:40   4:03   0:38 
Alexei Emelin            0  0  0   0  2   0  2  4  0  1  0/0    25:35   3:32   5:57 
Chris VandeVelde         0  0  0   0  2   2  3  0  2  0  2/2    11:52   0:00   1:34 
Devante Smith-Pelly      0  0  0   0  0   1  2  0  0  0  3/6    11:15   0:00   0:00 
Eric Gryba               0  0  0   0  2   1  0  1  0  3  0/0    18:59   0:00   8:03 
John-Michael Liles       0  0  0   0  0   2  3  4  0  2  0/0    25:11   3:32   6:42 
Mark Letestu             1  2  3   1  0   2  0  0  0  0  5/14   12:55   3:33   0:00 
Martin Erat              1  1  2   1  2   2  0  0  0  0  1/1    12:57   3:33   0:00 
Milan Michalek           0  0  0   0  0   0  1  1  1  1  0/1    23:53   4:02   9:58 
Patrick Sharp            1  2  3   0  2   4  2  0  3  0  0/1    17:38   3:33   4:02 
Ryan White               0  0  0   0  2   0  1  1  2  0  3/8    10:32   0:00   0:00 
Shane Doan               0  0  0   0  2   3  1  0  2  2  3/13   22:32   4:02   8:19 
Shawn Horcoff            0  0  0  -1  0   0  0  0  1  0  9/14   16:44   4:02   4:34 
Steve Downie             0  0  0   0  7   0  0  1  1  0  0/0     9:09   0:00   0:00 
Taylor Aronson           0  0  0   0  0   1  0  0  0  0  0/0    12:52   0:00   0:00 
TJ Galiardi              0  0  0   0  0   1  1  0  2  0  0/1    11:41   0:00   0:49 
Tomas Kopecky            0  0  0   0  0   1  0  0  2  2  0/0    11:15   0:00   0:00 
Zbynek Michalek          0  0  0   0  0   1  0  1  0  0  0/0    28:57   4:03   7:56 

3 Stars

1 - Mika Zibanejad (LA )
2 - Mark Letestu (Det)
3 - Patrick Sharp (Det)

Power Play

Kings - 2 on 8 Attempt(s) - 25.00%
RedWings - 1 on 4 Attempt(s) - 25.00%

Penalty Kill

Kings - 3 on 4 Attempt(s) - 75.00% - Score 0 goal in Penalty Kill
RedWings - 6 on 8 Attempt(s) - 75.00% - Score 0 goal in Penalty Kill

Team Stat

Kings - Hits : 26 - Faceoff Wins : 35 - Blocked Shots : 12 - Penalty Minutes : 13
RedWings - Hits : 16 - Faceoff Wins : 26 - Blocked Shots : 14 - Penalty Minutes : 21

Official

Referees : Unknown
Linesman : Unknown

Game Notes

Steve Downie beats up Milan Lucic at 3:45 of 1st period

Finance

Level 1 -- Attendance: 4419 (73.65%) -- Ticket Income $441,900
Level 2 -- Attendance: 3751 (75.02%) -- Ticket Income $225,060
Level 3 -- Attendance: 1439 (71.95%) -- Ticket Income $50,365
Level 4 -- Attendance: 3153 (78.83%) -- Ticket Income $63,060
Luxury Box -- Attendance: 1000 (100.00%) -- Ticket Income $170,000
Game was played at the Joe Louis Arena.
Total Attendance: 13762 (76.46%)
Total Ticket Income: $950,385
Other Income: $465,689
Total Income: $1,416,074

Kings

5 vs 5 Forward 
   Center                   Left Wing                Right Wing               Time % Phy DF OF 
 1 Tyler Seguin             Mika Zibanejad           Carl Soderberg           35     1   2  2  
 2 Nick Bjugstad            Milan Lucic              Vincent Trocheck         30     1   2  2  
 3 Jori Lehtera             Evgeny Kuznetsov         David Clarkson           22     1   2  2  
 4 Brenden Morrow           Mikhail Grigorenko       Tyler Seguin             13     1   2  2  

5 vs 5 Defense 
   Defense                  Defense                                           Time % Phy DF OF 
 1 Duncan Keith             Braydon Coburn                                    35     1   2  2  
 2 Seth Jones               Eric Brewer                                       30     1   2  2  
 3 Adam McQuaid             Stefan Elliott                                    22     1   2  2  
 4 Duncan Keith             Braydon Coburn                                    13     1   2  2  

PowerPlay Forward 
   Center                   Left Wing                Right Wing               Time % Phy DF OF 
 1 Tyler Seguin             Mika Zibanejad           Carl Soderberg           60     1   2  2  
 2 Nick Bjugstad            Milan Lucic              David Clarkson           40     1   2  2  

PowerPlay Defense
   Defense                  Defense                                           Time % Phy DF OF 
 1 Duncan Keith             Braydon Coburn                                    60     1   2  2  
 2 Seth Jones               Eric Brewer                                       40     1   2  2  

Penalty Kill 4 Players Forward 
   Center                   Wing                     Time % Phy DF OF 
 1 Nick Bjugstad            Tyler Seguin             60     1   2  2  
 2 Mika Zibanejad           Milan Lucic              40     1   2  2  

Penalty Kill 4 Players Defense
   Defense                  Defense                  Time % Phy DF OF 
 1 Duncan Keith             Braydon Coburn           60     1   2  2  
 2 Seth Jones               Eric Brewer              40     1   2  2  

Penalty Kill - 3 Players Forward 
   Forward                                           Time % Phy DF OF 
 1 Tyler Seguin                                      60     1   2  2  
 2 Nick Bjugstad                                     40     1   2  2  

Penalty Kill - 3 Players Defense
   Defense                  Defense                  Time % Phy DF OF 
 1 Duncan Keith             Braydon Coburn           60     1   2  2  
 2 Seth Jones               Eric Brewer              40     1   2  2  

4 vs 4 Forward 
   Center                   Wing                     Time % Phy DF OF 
 1 Tyler Seguin             Nick Bjugstad            60     1   2  2  
 2 Mika Zibanejad           Milan Lucic              40     1   2  2  

4 vs 4 Defense
   Defense                  Defense                  Time % Phy DF OF 
 1 Duncan Keith             Braydon Coburn           60     1   2  2  
 2 Seth Jones               Eric Brewer              40     1   2  2  

Last Minutes Offensive
   Center                   Left Wing                Right Wing               Defense                  Defense                  
   Tyler Seguin             Mika Zibanejad           Carl Soderberg           Duncan Keith             Braydon Coburn           

Last Minutes Defensive
   Center                   Left Wing                Right Wing               Defense                  Defense                  
   Tyler Seguin             Mika Zibanejad           Carl Soderberg           Duncan Keith             Braydon Coburn           

Goaltenders
Starting : Sergei Bobrovsky         
Backup : Reto Berra               

Extra Forwards
Normal : Tyler Seguin, Evgeny Kuznetsov, David Clarkson - PP : Mika Zibanejad, Evgeny Kuznetsov - PK : David Clarkson
Extra Defensemen
Normal : Adam McQuaid, Stefan Elliott, Seth Jones - PP : Adam McQuaid - PK : Stefan Elliott, Seth Jones
Penalty Shots
Tyler Seguin, Nick Bjugstad, Mika Zibanejad, Milan Lucic, Carl Soderberg

RedWings

5 vs 5 Forward 
   Center                   Left Wing                Right Wing               Time % Phy DF OF 
 1 Shawn Horcoff            Shane Doan               Milan Michalek           35     0   2  3  
 2 Mark Letestu             Patrick Sharp            Martin Erat              25     0   2  3  
 3 Devante Smith-Pelly      Tomas Kopecky            Chris VandeVelde         20     0   3  2  
 4 Ryan White               Steve Downie             TJ Galiardi              20     0   2  3  

5 vs 5 Defense 
   Defense                  Defense                                           Time % Phy DF OF 
 1 Zbynek Michalek          Taylor Aronson                                    35     0   3  2  
 2 Alexei Emelin            John-Michael Liles                                30     0   3  2  
 3 Aaron Ekblad             Eric Gryba                                        22     0   3  2  
 4 Zbynek Michalek          Alexei Emelin                                     13     0   3  2  

PowerPlay Forward 
   Center                   Left Wing                Right Wing               Time % Phy DF OF 
 1 Shawn Horcoff            Shane Doan               Milan Michalek           60     0   2  3  
 2 Mark Letestu             Patrick Sharp            Martin Erat              40     0   2  3  

PowerPlay Defense
   Defense                  Defense                                           Time % Phy DF OF 
 1 Zbynek Michalek          Aaron Ekblad                                      60     0   2  3  
 2 Alexei Emelin            John-Michael Liles                                40     0   2  3  

Penalty Kill 4 Players Forward 
   Center                   Wing                     Time % Phy DF OF 
 1 Shane Doan               Milan Michalek           60     1   4  0  
 2 Patrick Sharp            Shawn Horcoff            40     1   4  0  

Penalty Kill 4 Players Defense
   Defense                  Defense                  Time % Phy DF OF 
 1 Zbynek Michalek          Eric Gryba               60     1   4  0  
 2 Alexei Emelin            John-Michael Liles       40     1   4  0  

Penalty Kill - 3 Players Forward 
   Forward                                           Time % Phy DF OF 
 1 Shane Doan                                        60     0   5  0  
 2 Milan Michalek                                    40     0   5  0  

Penalty Kill - 3 Players Defense
   Defense                  Defense                  Time % Phy DF OF 
 1 Zbynek Michalek          Aaron Ekblad             60     0   5  0  
 2 Alexei Emelin            John-Michael Liles       40     0   5  0  

4 vs 4 Forward 
   Center                   Wing                     Time % Phy DF OF 
 1 Shane Doan               Milan Michalek           60     0   3  2  
 2 Patrick Sharp            Shawn Horcoff            40     0   3  2  

4 vs 4 Defense
   Defense                  Defense                  Time % Phy DF OF 
 1 Zbynek Michalek          Taylor Aronson           60     0   3  2  
 2 Alexei Emelin            John-Michael Liles       40     0   3  2  

Last Minutes Offensive
   Center                   Left Wing                Right Wing               Defense                  Defense                  
   Shawn Horcoff            Shane Doan               Milan Michalek           Zbynek Michalek          Taylor Aronson           

Last Minutes Defensive
   Center                   Left Wing                Right Wing               Defense                  Defense                  
   Shawn Horcoff            Shane Doan               Milan Michalek           Zbynek Michalek          Taylor Aronson           

Goaltenders
Starting : Jonas Hiller             
Backup : Ben Scrivens             

Extra Forwards
Normal : Devante Smith-Pelly, Tomas Kopecky, Chris VandeVelde - PP : Devante Smith-Pelly, Tomas Kopecky - PK : Chris VandeVelde
Extra Defensemen
Normal : Aaron Ekblad, Eric Gryba, Alexei Emelin - PP : Aaron Ekblad - PK : Eric Gryba, Alexei Emelin
Penalty Shots
Shane Doan, Milan Michalek, Patrick Sharp, Shawn Horcoff, Martin Erat

% Time on Ice - Kings

Lines # - Real PCT - Wanted PCT - Time Play
Normal Forward
1 - 25% - 35% - 9:29
2 - 31% - 30% - 11:53
3 - 29% - 22% - 10:51
4 - 15% - 13% - 5:34
Normal Defense
1 - 36% - 35% - 13:25
2 - 32% - 30% - 12:13
3 - 28% - 22% - 10:25
4 - 5% - 13% - 1:44
PP Forward
1 - 53% - 60% - 7:41
2 - 47% - 40% - 6:57
PP Defense
1 - 59% - 60% - 8:41
2 - 41% - 40% - 5:57
PK Forward
1 - 85% - 60% - 6:29
2 - 15% - 40% - 1:06
PK Defense
1 - 65% - 60% - 4:57
2 - 35% - 40% - 2:38
PK3 Forward
1 - 0% - 60%
2 - 0% - 40%
PK3 Defense
1 - 0% - 60%
2 - 0% - 40%
44 Forward
1 - 91% - 60% - 3:16
2 - 9% - 40% - 0:20
44 Defense
1 - 59% - 60% - 2:08
2 - 41% - 40% - 1:28
Last Minute Offensive  - 0:00
Last Minute Defensive  - 0:00
Total
Forward - 63:36
Defense - 63:36

% Time on Ice - RedWings

Lines # - Real PCT - Wanted PCT - Time Play
Normal Forward
1 - 21% - 35% - 7:52
2 - 26% - 25% - 9:52
3 - 25% - 20% - 9:30
4 - 28% - 20% - 10:33
Normal Defense
1 - 37% - 35% - 14:03
2 - 35% - 30% - 13:06
3 - 25% - 22% - 9:28
4 - 3% - 13% - 1:10
PP Forward
1 - 53% - 60% - 4:02
2 - 47% - 40% - 3:33
PP Defense
1 - 53% - 60% - 4:03
2 - 47% - 40% - 3:32
PK Forward
1 - 69% - 60% - 10:04
2 - 31% - 40% - 4:34
PK Defense
1 - 54% - 60% - 7:56
2 - 46% - 40% - 6:42
PK3 Forward
1 - 0% - 60%
2 - 0% - 40%
PK3 Defense
1 - 0% - 60%
2 - 0% - 40%
44 Forward
1 - 94% - 60% - 3:24
2 - 6% - 40% - 0:12
44 Defense
1 - 49% - 60% - 1:45
2 - 51% - 40% - 1:51
Last Minute Offensive  - 0:00
Last Minute Defensive  - 0:00
Total
Forward - 63:36
Defense - 63:36

Play by Play

1st period


0:01 of 1st period - Mika Zibanejad wins face-off versus Shawn Horcoff in neutral zone.
1:06 of 1st period - Wrist shot by Milan Lucic.
1:06 of 1st period - Shot Misses the Net.
1:08 of 1st period - Backhand shot by Eric Brewer.
1:08 of 1st period - Stopped by Jonas Hiller with a rebound.
1:10 of 1st period - Slapshot by Eric Brewer.
1:10 of 1st period - Deflect By Patrick Sharp.
1:10 of 1st period - Stopped by Jonas Hiller with a rebound.
1:16 of 1st period - Slapshot by Vincent Trocheck.
1:16 of 1st period - Stopped by Jonas Hiller with a rebound.
1:18 of 1st period - Slapshot by Seth Jones.
1:18 of 1st period - Shot Blocked by Zbynek Michalek.
1:20 of 1st period - Slapshot by Seth Jones.
1:20 of 1st period - Shot Misses the Net.
1:44 of 1st period - Chris VandeVelde is hit by Evgeny Kuznetsov and loses puck.
2:10 of 1st period - Minor Penalty to Alexei Emelin for Roughing.
2:11 of 1st period - Tyler Seguin wins face-off versus Shane Doan in RedWings zone.
2:40 of 1st period - Slapshot by Duncan Keith.
2:40 of 1st period - Stopped by Jonas Hiller with a rebound.
2:42 of 1st period - Slapshot by Braydon Coburn.
2:42 of 1st period - Stopped by Jonas Hiller with a rebound.
2:44 of 1st period - Slapshot by Duncan Keith.
2:44 of 1st period - Stopped by Jonas Hiller with a rebound.
3:12 of 1st period - Wrist shot by Milan Lucic.
3:12 of 1st period - Shot Misses the Net.
3:14 of 1st period - Slapshot by David Clarkson.
3:14 of 1st period - Stopped by Jonas Hiller with a rebound.
3:18 of 1st period - Snap shot by Milan Lucic.
3:18 of 1st period - Deflect By Nick Bjugstad.
3:18 of 1st period - Stopped by Jonas Hiller with a rebound.
3:20 of 1st period - Slapshot by Eric Brewer.
3:20 of 1st period - Stopped by Jonas Hiller with a rebound.
3:42 of 1st period - Slapshot by Mika Zibanejad.
3:42 of 1st period - Shot Misses the Net.
3:44 of 1st period - Slapshot by Seth Jones.
3:44 of 1st period - Goal by Seth Jones - Kings : 1 - RedWings : 0.
3:45 of 1st period - Nick Bjugstad wins face-off versus TJ Galiardi in neutral zone.
3:45 of 1st period - Steve Downie beats up Milan Lucic.
3:45 of 1st period - Penalty to Steve Downie for Fighting.
3:45 of 1st period - Penalty to Milan Lucic for Fighting.
3:46 of 1st period - Ryan White wins face-off versus Tyler Seguin in neutral zone.
4:05 of 1st period - Slapshot by TJ Galiardi.
4:05 of 1st period - Shot Misses the Net.
4:07 of 1st period - Backhand shot by TJ Galiardi.
4:07 of 1st period - Shot Misses the Net.
4:09 of 1st period - Snap shot by Devante Smith-Pelly.
4:09 of 1st period - Shot Misses the Net.
4:35 of 1st period - Snap shot by Duncan Keith.
4:35 of 1st period - Shot Blocked by Milan Michalek.
5:56 of 1st period - Eric Gryba is hit by Adam McQuaid and loses puck.
6:22 of 1st period - Snap shot by Tomas Kopecky.
6:22 of 1st period - Stopped by Sergei Bobrovsky without a rebound.
6:23 of 1st period - Ryan White wins face-off versus Jori Lehtera in Kings zone.
6:35 of 1st period - Icing by Seth Jones.
6:36 of 1st period - Jori Lehtera wins face-off versus Ryan White in Kings zone.
6:54 of 1st period - Snap shot by TJ Galiardi.
6:54 of 1st period - Stopped by Sergei Bobrovsky with a rebound.
6:56 of 1st period - Snap shot by Ryan White.
6:56 of 1st period - Shot Blocked by Jori Lehtera.
6:58 of 1st period - Snap shot by Zbynek Michalek.
6:58 of 1st period - Shot Hit the Post.
7:22 of 1st period - Snap shot by Shane Doan.
7:22 of 1st period - Shot Blocked by Seth Jones.
7:24 of 1st period - Slapshot by Eric Gryba.
7:24 of 1st period - Shot Misses the Net.
7:26 of 1st period - Slapshot by Aaron Ekblad.
7:26 of 1st period - Stopped by Sergei Bobrovsky without a rebound.
7:27 of 1st period - Martin Erat wins face-off versus Brenden Morrow in Kings zone.
7:32 of 1st period - Wrist shot by Patrick Sharp.
7:32 of 1st period - Shot Misses the Net.
7:34 of 1st period - Snap shot by Martin Erat.
7:34 of 1st period - Stopped by Sergei Bobrovsky with a rebound.
7:36 of 1st period - Slapshot by Eric Gryba.
7:36 of 1st period - Deflect By Patrick Sharp.
7:36 of 1st period - Stopped by Sergei Bobrovsky without a rebound.
7:37 of 1st period - Mark Letestu wins face-off versus Nick Bjugstad in Kings zone.
8:06 of 1st period - Wrist shot by Patrick Sharp.
8:06 of 1st period - Stopped by Sergei Bobrovsky without a rebound.
8:07 of 1st period - Tyler Seguin wins face-off versus Shawn Horcoff in Kings zone.
8:07 of 1st period - Tyler Seguin is hit by Alexei Emelin.
9:01 of 1st period - Slapshot by Eric Gryba.
9:01 of 1st period - Shot Misses the Net.
9:03 of 1st period - Slapshot by Aaron Ekblad.
9:03 of 1st period - Shot Hit the Post.
9:05 of 1st period - Snap shot by Eric Gryba.
9:05 of 1st period - Stopped by Sergei Bobrovsky with a rebound.
9:07 of 1st period - Wrist shot by Chris VandeVelde.
9:07 of 1st period - Stopped by Sergei Bobrovsky without a rebound.
9:08 of 1st period - Jori Lehtera wins face-off versus Devante Smith-Pelly in Kings zone.
9:13 of 1st period - Slapshot by Duncan Keith.
9:13 of 1st period - Stopped by Jonas Hiller without a rebound.
9:14 of 1st period - Jori Lehtera wins face-off versus Ryan White in RedWings zone.
10:33 of 1st period - Minor Penalty to Eric Gryba for Tripping.
10:34 of 1st period - Tyler Seguin wins face-off versus Shane Doan in RedWings zone.
11:59 of 1st period - Snap shot by Aaron Ekblad.
11:59 of 1st period - Stopped by Sergei Bobrovsky without a rebound.
12:00 of 1st period - Tyler Seguin wins face-off versus Patrick Sharp in Kings zone.
12:33 of 1st period - Penalty to Eric Gryba is over, Eric Gryba is back on ice.
12:45 of 1st period - Devante Smith-Pelly is hit by Duncan Keith and loses puck.
13:13 of 1st period - Snap shot by Jori Lehtera.
13:13 of 1st period - Stopped by Jonas Hiller without a rebound.
13:14 of 1st period - Jori Lehtera wins face-off versus Mark Letestu in RedWings zone.
13:47 of 1st period - Icing by Mark Letestu.
13:48 of 1st period - Vincent Trocheck wins face-off versus Mark Letestu in RedWings zone.
13:49 of 1st period - Slapshot by Nick Bjugstad.
13:49 of 1st period - Shot Misses the Net.
14:11 of 1st period - Taylor Aronson is hit by Nick Bjugstad and loses puck.
14:53 of 1st period - Minor Penalty to Steve Downie for Tripping.
14:54 of 1st period - Tyler Seguin wins face-off versus Shane Doan in RedWings zone.
15:35 of 1st period - Shane Doan is hit by David Clarkson and loses puck.
16:03 of 1st period - Slapshot by Mika Zibanejad.
16:03 of 1st period - Goal by Mika Zibanejad - Kings : 2 - RedWings : 0.
16:04 of 1st period - Jori Lehtera wins face-off versus Devante Smith-Pelly in neutral zone.
16:11 of 1st period - Wrist shot by Jori Lehtera.
16:11 of 1st period - Shot Misses the Net.
16:13 of 1st period - Slapshot by Seth Jones.
16:13 of 1st period - Shot Misses the Net.
16:15 of 1st period - Slapshot by Seth Jones.
16:15 of 1st period - Shot Blocked by John-Michael Liles.
16:25 of 1st period - Wrist shot by Evgeny Kuznetsov.
16:25 of 1st period - Shot Misses the Net.
16:27 of 1st period - Snap shot by Seth Jones.
16:27 of 1st period - Stopped by Jonas Hiller with a rebound.
16:29 of 1st period - Slapshot by Eric Brewer.
16:29 of 1st period - Stopped by Jonas Hiller with a rebound.
16:31 of 1st period - Wrist shot by Eric Brewer.
16:31 of 1st period - Shot Blocked by John-Michael Liles.
16:33 of 1st period - Slapshot by Seth Jones.
16:33 of 1st period - Deflect By Chris VandeVelde.
16:33 of 1st period - Stopped by Jonas Hiller without a rebound.
16:34 of 1st period - Mark Letestu wins face-off versus Vincent Trocheck in RedWings zone.
17:47 of 1st period - Wrist shot by Tyler Seguin.
17:47 of 1st period - Stopped by Jonas Hiller without a rebound.
17:48 of 1st period - Devante Smith-Pelly wins face-off versus Jori Lehtera in RedWings zone.
18:18 of 1st period - Minor Penalty to Chris VandeVelde for Hooking.
18:19 of 1st period - Tyler Seguin wins face-off versus Shane Doan in RedWings zone.
18:47 of 1st period - Zbynek Michalek is hit by Carl Soderberg and loses puck.
19:17 of 1st period - Zbynek Michalek is hit by David Clarkson.
Goals for this period are 2 for Kings vs 0 for RedWings.
Shots for this period are 17 for Kings vs 9 for RedWings.

2nd period


0:01 of 2nd period - Tyler Seguin wins face-off versus Shane Doan in neutral zone.
0:12 of 2nd period - Slapshot by Mika Zibanejad.
0:12 of 2nd period - Stopped by Jonas Hiller without a rebound.
0:13 of 2nd period - Tyler Seguin wins face-off versus Shane Doan in RedWings zone.
0:14 of 2nd period - Snap shot by Duncan Keith.
0:14 of 2nd period - Deflect By Mika Zibanejad.
0:14 of 2nd period - Shot Misses the Net.
0:14 of 2nd period - Puck is out of play.
0:15 of 2nd period - Shane Doan wins face-off versus Tyler Seguin in RedWings zone.
0:18 of 2nd period - Penalty to Chris VandeVelde is over, Chris VandeVelde is back on ice.
0:30 of 2nd period - Slapshot by Shane Doan.
0:30 of 2nd period - Stopped by Sergei Bobrovsky with a rebound.
0:32 of 2nd period - Backhand shot by Zbynek Michalek.
0:32 of 2nd period - Shot Blocked by Duncan Keith.
0:34 of 2nd period - Snap shot by Zbynek Michalek.
0:34 of 2nd period - Stopped by Sergei Bobrovsky with a rebound.
0:36 of 2nd period - Snap shot by Shane Doan.
0:36 of 2nd period - Stopped by Sergei Bobrovsky without a rebound.
0:37 of 2nd period - Shawn Horcoff wins face-off versus Nick Bjugstad in Kings zone.
1:12 of 2nd period - Snap shot by Patrick Sharp.
1:12 of 2nd period - Shot Misses the Net.
1:28 of 2nd period - Mark Letestu is hit by Mika Zibanejad and loses puck.
1:49 of 2nd period - Alexei Emelin is hit by Mika Zibanejad and loses puck.
2:27 of 2nd period - Eric Gryba is hit by David Clarkson and loses puck.
2:56 of 2nd period - Wrist shot by Steve Downie.
2:56 of 2nd period - Shot Blocked by Brenden Morrow.
5:45 of 2nd period - Minor Penalty to Martin Erat for Roughing.
5:46 of 2nd period - Nick Bjugstad wins face-off versus Shane Doan in RedWings zone.
6:38 of 2nd period - Slapshot by Milan Lucic.
6:38 of 2nd period - Shot Blocked by Alexei Emelin.
7:02 of 2nd period - Duncan Keith is hit by John-Michael Liles and loses puck.
7:27 of 2nd period - Backhand shot by Duncan Keith.
7:27 of 2nd period - Shot Misses the Net.
7:37 of 2nd period - David Clarkson is hit by John-Michael Liles and loses puck.
7:45 of 2nd period - Penalty to Martin Erat is over, Martin Erat is back on ice.
7:53 of 2nd period - Icing by Duncan Keith.
7:54 of 2nd period - Nick Bjugstad wins face-off versus Ryan White in Kings zone.
8:11 of 2nd period - Snap shot by Steve Downie.
8:11 of 2nd period - Shot Blocked by Nick Bjugstad.
8:13 of 2nd period - Slapshot by Taylor Aronson.
8:13 of 2nd period - Stopped by Sergei Bobrovsky with a rebound.
8:28 of 2nd period - Minor Penalty to David Clarkson for Tripping.
8:29 of 2nd period - Vincent Trocheck wins face-off versus Mark Letestu in Kings zone.
8:57 of 2nd period - Snap shot by Martin Erat.
8:57 of 2nd period - Shot Blocked by Eric Brewer.
9:18 of 2nd period - Icing by Shane Doan.
9:19 of 2nd period - Nick Bjugstad wins face-off versus Shawn Horcoff in RedWings zone.
9:22 of 2nd period - Wrist shot by Nick Bjugstad.
9:22 of 2nd period - Stopped by Jonas Hiller with a rebound.
9:50 of 2nd period - Slapshot by Seth Jones.
9:50 of 2nd period - Deflect By Vincent Trocheck.
9:50 of 2nd period - Shot Blocked by Aaron Ekblad.
9:50 of 2nd period - Puck is out of play.
9:51 of 2nd period - Mark Letestu wins face-off versus Vincent Trocheck in RedWings zone.
10:06 of 2nd period - Backhand shot by Martin Erat.
10:06 of 2nd period - Goal by Martin Erat - Kings : 2 - RedWings : 1.
10:07 of 2nd period - Tyler Seguin wins face-off versus Ryan White in neutral zone.
10:30 of 2nd period - Wrist shot by Tyler Seguin.
10:30 of 2nd period - Shot Blocked by Alexei Emelin.
10:42 of 2nd period - Snap shot by Jori Lehtera.
10:42 of 2nd period - Stopped by Jonas Hiller without a rebound.
10:43 of 2nd period - Jori Lehtera wins face-off versus Shawn Horcoff in RedWings zone.
11:02 of 2nd period - Slapshot by Duncan Keith.
11:02 of 2nd period - Stopped by Jonas Hiller with a rebound.
11:04 of 2nd period - Slapshot by Braydon Coburn.
11:04 of 2nd period - Shot Misses the Net.
11:08 of 2nd period - Snap shot by Jori Lehtera.
11:08 of 2nd period - Stopped by Jonas Hiller without a rebound.
11:09 of 2nd period - Nick Bjugstad wins face-off versus Mark Letestu in RedWings zone.
11:10 of 2nd period - Slapshot by Milan Lucic.
11:10 of 2nd period - Stopped by Jonas Hiller with a rebound.
11:20 of 2nd period - Snap shot by Martin Erat.
11:20 of 2nd period - Shot Misses the Net.
11:22 of 2nd period - Snap shot by Mark Letestu.
11:22 of 2nd period - Goal by Mark Letestu - Kings : 2 - RedWings : 2.
11:23 of 2nd period - Tyler Seguin wins face-off versus Milan Michalek in neutral zone.
11:39 of 2nd period - Icing by Duncan Keith.
11:40 of 2nd period - Shawn Horcoff wins face-off versus Carl Soderberg in Kings zone.
11:56 of 2nd period - Minor Penalty to Shane Doan for Goalie Interference.
11:57 of 2nd period - Chris VandeVelde wins face-off versus Nick Bjugstad in RedWings zone.
12:05 of 2nd period - Snap shot by Chris VandeVelde.
12:05 of 2nd period - Stopped by Sergei Bobrovsky without a rebound.
12:06 of 2nd period - Chris VandeVelde wins face-off versus Nick Bjugstad in Kings zone.
12:59 of 2nd period - Eric Gryba is hit by Carl Soderberg and loses puck.
13:14 of 2nd period - Eric Brewer is hit by TJ Galiardi and loses puck.
13:21 of 2nd period - Snap shot by Milan Michalek.
13:21 of 2nd period - Shot Blocked by Carl Soderberg.
13:29 of 2nd period - Eric Brewer is hit by Milan Michalek and loses puck.
13:56 of 2nd period - Penalty to Shane Doan is over, Shane Doan is back on ice.
13:56 of 2nd period - Alexei Emelin is hit by David Clarkson and loses puck.
14:36 of 2nd period - Zbynek Michalek is hit by Adam McQuaid and loses puck.
15:02 of 2nd period - Snap shot by Jori Lehtera.
15:02 of 2nd period - Shot Blocked by Eric Gryba.
15:04 of 2nd period - Slapshot by Braydon Coburn.
15:04 of 2nd period - Stopped by Jonas Hiller with a rebound.
15:19 of 2nd period - Off-side.
15:20 of 2nd period - Nick Bjugstad wins face-off versus Ryan White in neutral zone.
15:27 of 2nd period - Snap shot by Milan Lucic.
15:27 of 2nd period - Shot Blocked by Ryan White.
15:35 of 2nd period - Wrist shot by Steve Downie.
15:35 of 2nd period - Shot Blocked by Nick Bjugstad.
15:37 of 2nd period - Wrist shot by TJ Galiardi.
15:37 of 2nd period - Shot Blocked by Seth Jones.
15:39 of 2nd period - Slapshot by John-Michael Liles.
15:39 of 2nd period - Shot Misses the Net.
15:59 of 2nd period - Shawn Horcoff is hit by Eric Brewer and loses puck.
16:26 of 2nd period - Aaron Ekblad is hit by David Clarkson and loses puck.
17:53 of 2nd period - Slapshot by Seth Jones.
17:53 of 2nd period - Stopped by Jonas Hiller with a rebound.
17:55 of 2nd period - Slapshot by Eric Brewer.
17:55 of 2nd period - Stopped by Jonas Hiller without a rebound.
17:56 of 2nd period - Ryan White wins face-off versus Jori Lehtera in RedWings zone.
18:27 of 2nd period - Slapshot by Mika Zibanejad.
18:27 of 2nd period - Goal by Mika Zibanejad - Kings : 3 - RedWings : 2.
18:28 of 2nd period - Tyler Seguin wins face-off versus Mark Letestu in neutral zone.
19:14 of 2nd period - Tomas Kopecky is hit by Mika Zibanejad and loses puck.
19:23 of 2nd period - Tyler Seguin is hit by Chris VandeVelde and loses puck.
19:37 of 2nd period - Icing by Duncan Keith.
19:38 of 2nd period - Shawn Horcoff wins face-off versus Tyler Seguin in Kings zone.
19:53 of 2nd period - Snap shot by Milan Michalek.
19:53 of 2nd period - Shot Misses the Net.
19:55 of 2nd period - Minor Penalty to Duncan Keith for Cross-checking.
19:56 of 2nd period - Shawn Horcoff wins face-off versus Nick Bjugstad in Kings zone.
Goals for this period are 1 for Kings vs 2 for RedWings.
Shots for this period are 10 for Kings vs 7 for RedWings.

3rd period


0:01 of 3rd period - Shawn Horcoff wins face-off versus Nick Bjugstad in neutral zone.
0:48 of 3rd period - Braydon Coburn is hit by Patrick Sharp and loses puck.
0:55 of 3rd period - Snap shot by Patrick Sharp.
0:55 of 3rd period - Shot Misses the Net.
0:57 of 3rd period - Slapshot by Mark Letestu.
0:57 of 3rd period - Stopped by Sergei Bobrovsky with a rebound.
1:37 of 3rd period - Snap shot by Milan Michalek.
1:37 of 3rd period - Shot Hit the Post.
1:39 of 3rd period - Slapshot by Shawn Horcoff.
1:39 of 3rd period - Shot Blocked by Stefan Elliott.
1:55 of 3rd period - Penalty to Duncan Keith is over, Duncan Keith is back on ice.
2:11 of 3rd period - Zbynek Michalek is hit by Braydon Coburn and loses puck.
3:37 of 3rd period - Slapshot by John-Michael Liles.
3:37 of 3rd period - Stopped by Sergei Bobrovsky with a rebound.
3:39 of 3rd period - Snap shot by Steve Downie.
3:39 of 3rd period - Shot Misses the Net.
3:41 of 3rd period - Slapshot by Alexei Emelin.
3:41 of 3rd period - Shot Misses the Net.
3:43 of 3rd period - Slapshot by Alexei Emelin.
3:43 of 3rd period - Shot Blocked by Eric Brewer.
3:45 of 3rd period - Slapshot by John-Michael Liles.
3:45 of 3rd period - Stopped by Sergei Bobrovsky without a rebound.
3:46 of 3rd period - Shawn Horcoff wins face-off versus Nick Bjugstad in Kings zone.
5:29 of 3rd period - Minor Penalty to Milan Lucic for Tripping.
5:30 of 3rd period - Shawn Horcoff wins face-off versus Nick Bjugstad in Kings zone.
5:30 of 3rd period - Wrist shot by Shane Doan.
5:30 of 3rd period - Stopped by Sergei Bobrovsky without a rebound.
5:31 of 3rd period - Shawn Horcoff wins face-off versus Nick Bjugstad in Kings zone.
7:05 of 3rd period - Shane Doan is hit by Brenden Morrow and loses puck.
7:29 of 3rd period - Penalty to Milan Lucic is over, Milan Lucic is back on ice.
7:40 of 3rd period - Zbynek Michalek is hit by Brenden Morrow and loses puck.
8:32 of 3rd period - Carl Soderberg is hit by Devante Smith-Pelly and loses puck.
8:46 of 3rd period - Off-side.
8:47 of 3rd period - Nick Bjugstad wins face-off versus Mark Letestu in neutral zone.
9:19 of 3rd period - Minor Penalty to Patrick Sharp for Roughing.
9:20 of 3rd period - Tyler Seguin wins face-off versus Shane Doan in RedWings zone.
9:29 of 3rd period - Snap shot by Tyler Seguin.
9:29 of 3rd period - Shot Blocked by John-Michael Liles.
9:55 of 3rd period - Seth Jones is hit by Alexei Emelin and loses puck.
10:26 of 3rd period - Wrist shot by Carl Soderberg.
10:26 of 3rd period - Stopped by Jonas Hiller without a rebound.
10:27 of 3rd period - Shane Doan wins face-off versus Evgeny Kuznetsov in RedWings zone.
11:03 of 3rd period - Shane Doan is hit by Milan Lucic and loses puck.
11:19 of 3rd period - Penalty to Patrick Sharp is over, Patrick Sharp is back on ice.
11:20 of 3rd period - Zbynek Michalek is hit by Seth Jones and loses puck.
11:33 of 3rd period - Carl Soderberg is hit by Chris VandeVelde and loses puck.
11:55 of 3rd period - Adam McQuaid is hit by Ryan White and loses puck.
12:14 of 3rd period - Minor Penalty to Ryan White for Tripping.
12:15 of 3rd period - Shane Doan wins face-off versus Nick Bjugstad in RedWings zone.
12:15 of 3rd period - Shane Doan is hit by Nick Bjugstad.
13:19 of 3rd period - Seth Jones is hit by Shane Doan.
13:38 of 3rd period - Shawn Horcoff is hit by Mika Zibanejad and loses puck.
13:53 of 3rd period - Zbynek Michalek is hit by Brenden Morrow and loses puck.
14:14 of 3rd period - Penalty to Ryan White is over, Ryan White is back on ice.
14:30 of 3rd period - Eric Brewer is hit by Chris VandeVelde and loses puck.
14:47 of 3rd period - Adam McQuaid is hit by Devante Smith-Pelly.
14:51 of 3rd period - Tomas Kopecky is hit by Vincent Trocheck.
15:17 of 3rd period - Snap shot by John-Michael Liles.
15:17 of 3rd period - Deflect By Ryan White.
15:17 of 3rd period - Shot Misses the Net.
15:17 of 3rd period - Puck is out of play.
15:18 of 3rd period - Jori Lehtera wins face-off versus Mark Letestu in Kings zone.
15:25 of 3rd period - Wrist shot by Patrick Sharp.
15:25 of 3rd period - Stopped by Sergei Bobrovsky without a rebound.
15:26 of 3rd period - Mark Letestu wins face-off versus Brenden Morrow in Kings zone.
15:27 of 3rd period - Slapshot by Patrick Sharp.
15:27 of 3rd period - Goal by Patrick Sharp - Kings : 3 - RedWings : 3.
15:28 of 3rd period - Devante Smith-Pelly wins face-off versus Brenden Morrow in neutral zone.
15:49 of 3rd period - Slapshot by John-Michael Liles.
15:49 of 3rd period - Shot Blocked by Braydon Coburn.
15:51 of 3rd period - Wrist shot by Chris VandeVelde.
15:51 of 3rd period - Shot Misses the Net.
15:57 of 3rd period - Snap shot by Devante Smith-Pelly.
15:57 of 3rd period - Stopped by Sergei Bobrovsky with a rebound.
15:59 of 3rd period - Slapshot by John-Michael Liles.
15:59 of 3rd period - Shot Misses the Net.
16:08 of 3rd period - Minor Penalty to Braydon Coburn for Diving.
16:09 of 3rd period - Nick Bjugstad wins face-off versus Shawn Horcoff in Kings zone.
16:24 of 3rd period - Slapshot by Seth Jones.
16:24 of 3rd period - Deflect By Nick Bjugstad.
16:24 of 3rd period - Stopped by Jonas Hiller with a rebound.
16:26 of 3rd period - Wrist shot by Tyler Seguin.
16:26 of 3rd period - Shot Misses the Net.
16:28 of 3rd period - Wrist shot by Seth Jones.
16:28 of 3rd period - Shot Blocked by Alexei Emelin.
16:30 of 3rd period - Slapshot by Eric Brewer.
16:30 of 3rd period - Deflect By Tyler Seguin.
16:30 of 3rd period - Shot Misses the Net.
16:30 of 3rd period - Puck is out of play.
16:31 of 3rd period - Nick Bjugstad wins face-off versus Mark Letestu in RedWings zone.
16:50 of 3rd period - Slapshot by Aaron Ekblad.
16:50 of 3rd period - Deflect By Patrick Sharp.
16:50 of 3rd period - Shot Misses the Net.
16:50 of 3rd period - Puck is out of play.
16:51 of 3rd period - Nick Bjugstad wins face-off versus Mark Letestu in Kings zone.
17:15 of 3rd period - Stefan Elliott is hit by Patrick Sharp and loses puck.
17:39 of 3rd period - Icing by John-Michael Liles.
17:40 of 3rd period - Shawn Horcoff wins face-off versus Nick Bjugstad in RedWings zone.
17:55 of 3rd period - Snap shot by Shawn Horcoff.
17:55 of 3rd period - Deflect By Shane Doan.
17:55 of 3rd period - Shot Misses the Net.
17:55 of 3rd period - Puck is out of play.
17:56 of 3rd period - Mark Letestu wins face-off versus Nick Bjugstad in Kings zone.
18:08 of 3rd period - Penalty to Braydon Coburn is over, Braydon Coburn is back on ice.
19:10 of 3rd period - Wrist shot by Nick Bjugstad.
19:10 of 3rd period - Shot Blocked by Steve Downie.
19:12 of 3rd period - Snap shot by Nick Bjugstad.
19:12 of 3rd period - Shot Misses the Net.
19:16 of 3rd period - Snap shot by Nick Bjugstad.
19:16 of 3rd period - Stopped by Jonas Hiller with a rebound.
19:18 of 3rd period - Wrist shot by Vincent Trocheck.
19:18 of 3rd period - Shot Blocked by Alexei Emelin.
19:38 of 3rd period - Snap shot by Carl Soderberg.
19:38 of 3rd period - Shot Misses the Net.
19:40 of 3rd period - Slapshot by Braydon Coburn.
19:40 of 3rd period - Stopped by Jonas Hiller with a rebound.
19:50 of 3rd period - Wrist shot by Milan Lucic.
19:50 of 3rd period - Stopped by Jonas Hiller with a rebound.
19:52 of 3rd period - Snap shot by Nick Bjugstad.
19:52 of 3rd period - Stopped by Jonas Hiller with a rebound.
Goals for this period are 0 for Kings vs 1 for RedWings.
Shots for this period are 6 for Kings vs 7 for RedWings.

Overtime #1


0:01 of 1st overtime period - Tyler Seguin wins face-off versus Shane Doan in neutral zone.
1:02 of 1st overtime period - John-Michael Liles is hit by Nick Bjugstad and loses puck.
1:41 of 1st overtime period - Slapshot by Seth Jones.
1:41 of 1st overtime period - Deflect By David Clarkson.
1:41 of 1st overtime period - Shot Blocked by John-Michael Liles.
1:41 of 1st overtime period - Puck is out of play.
1:42 of 1st overtime period - Evgeny Kuznetsov wins face-off versus Devante Smith-Pelly in RedWings zone.
1:51 of 1st overtime period - Snap shot by Duncan Keith.
1:51 of 1st overtime period - Stopped by Jonas Hiller without a rebound.
1:52 of 1st overtime period - Devante Smith-Pelly wins face-off versus Tyler Seguin in RedWings zone.
2:38 of 1st overtime period - Off-side.
2:39 of 1st overtime period - Tyler Seguin wins face-off versus Shane Doan in neutral zone.
3:08 of 1st overtime period - Duncan Keith is hit by John-Michael Liles.
3:36 of 1st overtime period - Snap shot by Milan Lucic.
3:36 of 1st overtime period - Goal by Milan Lucic - Kings : 4 - RedWings : 3.
Goals for this period are 1 for Kings vs 0 for RedWings.
Shots for this period are 2 for Kings vs 0 for RedWings.